 Dungeon Crawl Stone Soup version 0.31-a0-233-g139696dc86 (webtiles) character file.

Game seed: 17314869324750608702

541 qw the Shooter (level 7, 0/44 HPs)
             Began as a Gargoyle Hexslinger on July 8, 2023.
             Was an Initiate of Okawaru.
             Slain by an orc wizard
             ... wielding a +0 dagger
              (3 damage)
             ... on level 5 of the Dungeon.
             The game lasted 00:01:11 (3601 turns).

qw the Shooter (Gargoyle Hexslinger)                Turns: 3601, Time: 00:01:12

Health: 0/44       AC: 13    Str: 11    XL:     7   Next: 26%
Magic:  7/8        EV: 10    Int: 14    God:    Okawaru [......]
Gold:   248        SH:  0    Dex: 14    Spells: 7/8 levels left

rFire   . . .        g - +1 sling (heavy)
rCold   . . .        (no shield)
rNeg    + . .        d - +0 ring mail
rPois   inf          (no helmet)
rElec   +            i - +2 cloak
rCorr   .            (no gloves)
SInv    .            (no boots)
Will    .....        (no amulet)
Stlth   +            (no ring)
HPRegen 0.27/turn    (no ring)
MPRegen 0.11/turn

%: no passive effects
@: no status effects
A: sickness immunity, AC +4, negative energy resistance 1, electricity
resistance, torment resistance 1, petrification resistance
a: Renounce Religion


You were on level 5 of the Dungeon.
You worshipped Okawaru.
Okawaru was noncommittal.
You visited 1 branch of the dungeon, and saw 5 of its levels.

You collected 248 gold pieces.


Innate Abilities, Weirdness & Mutations

You are immune to sickness and miasma.
Your stone body is resilient. (AC +4)
You are immune to poison.
You resist negative energy. (rN+)
You are resistant to electric shocks. (rElec)
You are resistant to unholy torment.
You are immune to petrification.


   Skills:
 - Level 4.7 Fighting
 + Level 6.2 Ranged Weapons
 - Level 1.0 Armour
 - Level 1.5 Dodging
 - Level 1.0 Spellcasting
 - Level 2.6 Hexes


You had 7 spell levels left.
You knew the following spells:

 Your Spells              Type           Power      Damage    Failure   Level
a - Slow                  Hex            32%        N/A       21%         1

Your spell library contained the following spells:

 Spells                   Type           Power      Damage    Failure   Level
 Inner Flame              Hex/Fire       4%         N/A       71%         3
 Portal Projectile        Hex/Tloc       8%         N/A       71%         3
 Cause Fear               Hex            4%         N/A       90%         4

Inventory:

Hand Weapons
 g - a +1 heavy sling (weapon)
Armour
 d - a +0 ring mail (worn)
 i - a +2 cloak (worn)
Scrolls
 e - a scroll of torment {unknown}
 h - a scroll of identify
 k - a scroll of enchant armour
Potions
 a - a potion of might
 b - a potion of mutation {unknown}
 c - a potion of invisibility {unknown}
 f - a potion of degeneration {unknown}
 j - a potion of cancellation {unknown}
 l - a potion of curing {unknown}
 m - a potion of attraction {unknown}
 o - a potion of resistance {unknown}

Dungeon Overview and Level Annotations

Branches:
Dungeon (5/15)             Temple (0/1) D:4

Altars:
Dithmenos
Elyvilon
Okawaru
Wu Jian

Annotations:
D:4 2 transporters, qw's ghost, novice GrHs


Message History

Something hits you but does no damage. Something hits you. The orc misses you.
The orc hits you but does no damage.
Your Fighting skill increases to level 4!
3592 ||| INVOKING Heroism.
You gain the combat prowess of a mighty hero.
You can no longer gain great but temporary skills.
The orc hits you with a +1 short sword of holy wrath.
You hear some strange, mumbled words.
A magic dart appears from out of thin air!
The magic dart hits you. The orc hits you but does no damage.
You shoot a sling bullet.
The sling bullet hits the orc but does no damage.
The orc barely misses you. Something hits you.
The orc hits you but does no damage.
You shoot a sling bullet. The sling bullet hits the orc!
You kill the orc!
Okawaru accepts your kill.
You hear some strange, mumbled words.
Something tries to affect you, but you resist.
The orc hits you but does no damage.
You shoot a sling bullet. The sling bullet barely misses the orc.
Something hits you. The orc hits you but does no damage.
Something hits you but does no damage. The orc closely misses you.
You shoot a sling bullet. The sling bullet hits the orc.
The orc is heavily wounded.
Something barely misses you. The orc misses you.
You shoot a sling bullet. The sling bullet hits the orc.
You kill the orc!
Okawaru accepts your kill.
Something hits you but does no damage. x2
You shoot a sling bullet. Something barely misses you.
You shoot a sling bullet.
You feel like a meek peon again. Something hits you but does no damage.
You shoot a sling bullet.
Something hits you but does no damage. x2
You shoot a sling bullet. Something hits you. x2
You die...

#.# #.#...... #.#
#.####### #.# #........
#.# ######### # #># # #.
#.# ######### #
#####.##.# #.......# #
......{).#####.......###
......)@.....'..........
......########.......###
...... #.......#.. .....
#.......#.# ...o.
#########. .... # ....


There were no monsters in sight!

Vanquished Creatures
  Edmund (D:4)
  An orc warrior (D:5)
  A bullfrog (D:5)
  A scorpion (D:4)
  A hound (D:4)
  An orc wizard (D:5)
  6 adders
  A worm (D:3)
  7 dart slugs
  8 orcs
  12 bats
  4 endoplasms
  7 giant cockroaches
  7 goblins
  5 hobgoblins
  3 quokkas
  3 ball pythons
  4 frilled lizards
  3 kobolds (D:3)
  9 rats
85 creatures vanquished.

Notes
Turn   | Place    | Note
-------+----------+-------------------------------------------
     0 | D:1      | qw the Gargoyle Hexslinger began the quest for the Orb.
     0 | D:1      | Reached XP level 1. HP: 12/12 MP: 2/2
     0 | D:1      | 0 ||| qw: Version: 0.3-a-46-gb1f654a
     0 | D:1      | 0 ||| qw: Game counter: 3488
     0 | D:1      | 0 ||| qw: Melee chars always use a shield: true
     0 | D:1      | 0 ||| qw: God list: Okawaru
     0 | D:1      | 0 ||| qw: Allow faded altars: false
     0 | D:1      | 0 ||| qw: Do Orc after clearing Dungeon:15 true
     0 | D:1      | 0 ||| qw: Do second Lair branch before Depths: true
     0 | D:1      | 0 ||| qw: Lair rune preference: random
     0 | D:1      | 0 ||| qw: Goals: Normal
     0 | D:1      | 0 ||| PLANNING D:1-11
   126 | D:1      | Reached XP level 2. HP: 15/16 MP: 3/3
   538 | D:1      | 538 ||| UPGRADING to +0 ring mail.
   548 | D:1      | 548 ||| DROPPING +0 robe.
   549 | D:1      | 549 ||| READING scroll labelled POOPPO UWKYZUI.
   550 | D:1      | 550 ||| READING 2 scrolls labelled ODDOECH XEGUSE.
   551 | D:1      | 551 ||| READING scroll labelled FITHRU ZIYNTIOJ.
   552 | D:1      | 552 ||| DRINKING 2 cyan potions.
   553 | D:1      | 553 ||| DROPPING scroll of poison.
   601 | D:2      | Reached skill level 3 in Ranged Weapons
   623 | D:2      | Found an ornate altar of the Wu Jian Council.
   910 | D:2      | Reached XP level 3. HP: 21/21 MP: 4/4
  1130 | D:2      | Reached XP level 4. HP: 26/26 MP: 5/5
  1138 | D:2      | Found a faded altar of an unknown god.
  1196 | D:2      | Reached skill level 4 in Ranged Weapons
  1373 | D:2      | 1373 ||| READING scroll labelled VIQINONONN.
  1374 | D:2      | 1374 ||| READING 2 scrolls labelled JOIGIATAE CYKH.
  1375 | D:2      | 1375 ||| DROPPING scroll of fog.
  1536 | D:3      | Reached skill level 1 in Armour
  1557 | D:3      | Found a shadowy altar of Dithmenos.
  1697 | D:3      | Found an iron altar of Okawaru.
  1698 | D:3      | 1698 ||| PLANNING OKAWARU WORSHIP
  1708 | D:3      | Became a worshipper of Warmaster Okawaru
  1709 | D:3      | 1709 ||| PLANNING D:1-11
  1858 | D:3      | Reached XP level 5. HP: 30/30 MP: 6/6
  2403 | D:3      | 2403 ||| UPGRADING to +1 cloak.
  2408 | D:3      | 2408 ||| READING scroll labelled LEOXIR QASYROP.
  2509 | D:3      | 2509 ||| READING 3 scrolls labelled UFIQOAMUNTU.
  2510 | D:3      | 2510 ||| READING 2 scrolls of enchant armour.
  2510 | D:3      | 2510 ||| ENCHANTING +1 cloak.
  2511 | D:3      | 2511 ||| READING scroll labelled VISUOXKOSU.
  2512 | D:3      | 2512 ||| READING 2 scrolls of identify.
  2512 | D:3      | 2512 ||| IDENTIFYING murky yellow potion
  2598 | D:4      | Noticed qw's ghost (novice GrHs)
  2621 | D:4      | Found a transporter.
  2690 | D:4      | Noticed Edmund
  2700 | D:4      | HP: 4/30 [Edmund/+2 dire flail of protection (9)]
  2701 | D:4      | 2701 ||| DRINKING potion of heal wounds.
  2705 | D:4      | Killed Edmund
  2706 | D:4      | Reached skill level 5 in Ranged Weapons
  2706 | D:4      | Reached XP level 6. HP: 25/35 MP: 7/7
  2770 | D:4      | Found a staircase to the Ecumenical Temple.
  2785 | D:4      | Found a transporter.
  2946 | D:4      | Reached skill level 3 in Fighting
  3463 | D:4      | Found a white marble altar of Elyvilon.
  3473 | D:4      | 3473 ||| READING scroll labelled DIECKYHORE.
  3474 | D:4      | 3474 ||| READING scroll labelled FIWOWO CE FAS.
  3527 | D:5      | Entered Level 5 of the Dungeon
  3531 | D:5      | Reached skill level 6 in Ranged Weapons
  3577 | D:5      | 3577 ||| Stepping ~*~*~tactically~*~*~ (outnumbered).
  3578 | D:5      | Noticed an orc warrior
  3587 | D:5      | Reached XP level 7. HP: 30/42 MP: 8/8
  3591 | D:5      | Reached * piety under Okawaru
  3592 | D:5      | 3592 ||| INVOKING Heroism.
  3592 | D:5      | HP: 9/44 [orc/+1 short sword of holy wrath (2)]
  3592 | D:5      | HP: 4/44 [something/magic dart (5)]
  3601 | D:5      | HP: 3/44 [something (1)]
  3601 | D:5      | Slain by an orc wizard

Levels and vault maps discovered:
D:1:      psy_arrival_heroes, layout_basic, minmay_pentomino_t2
D:2:      layout_basic, basic_altar, hellmonk_ecumenical_altar_run_dry,
          grunt_ministairs_6
D:3:      minmay_razor_zed, layout_basic,
          nicolae_dithmenos_through_a_glass_darkly,
          mainiacjoe_overflow_boulevard
D:4:      layout_basic, mainiacjoe_overflow_alcove_1,
          minmay_temple_entry_junction_2, gammafunk_ghost_stat_death,
          uniq_edmund
D:5:      layout_basic, nicolae_overflow_macrodata_refinement, uniq_sigmund

Skill      XL: |  1  2  3  4  5  6  7 |
---------------+----------------------+-----
Ranged Weapons | 3 4 5 6 |  6.2
Fighting       | 2 3 4 |  4.7
Armour         | 1 |  1.0
Dodging        | |  1.5
Spellcasting   | |  1.0
Hexes          | |  2.6

Action                     |  1- 3 |  4- 6 |  7- 9 || total
---------------------------+-------+-------+-------++-------
   Fire: Sling             |    83 |   154 |    14 ||   251
 Invoke: Heroism           |       |       |     1 ||     1
    Use: Scroll            |     3 |     9 |       ||    12
         Potion            |     1 |     1 |       ||     2
 Armour: Robe              |     3 |       |       ||     3
         Ring mail         |    28 |    74 |    22 ||   124
  Dodge: Dodged            |    23 |    67 |    13 ||   103

Table legend:
 A = Non-vault XP
 B = Vault XP
 C = Vault XP percentage of total XP
 D = Non-vault monster count
 E = Vault monster count
 F = Vault count percentage of total count
                 A         B        C        D         E       F
            +---------+---------+-------+---------+---------+-------
      Total |     562 |     212 |  27.4 |      72 |      13 |  15.3
            +---------+---------+-------+---------+---------+-------
        D:1 |      16 |       2 |  11.1 |      10 |       1 |   9.1
        D:2 |      91 |      17 |  15.7 |      25 |       2 |   7.4
        D:3 |      44 |      24 |  35.3 |      19 |       9 |  32.1
        D:4 |     152 |     169 |  52.6 |      13 |       1 |   7.1
        D:5 |     259 |       0 |   0.0 |       5 |       0 |   0.0
            +---------+---------+-------+---------+---------+-------
